cohdb
Replays
Latest Replays
All Replays
Popular Replays
Top Player Replays
Match Explorer
How It Works
Community
CoH3 Stats
Reddit
Sign in to upload your games and track your stats! →
Sign in with Steam
Match 30821741
Unlisted
Match 30821741
Overview
Messages
Build Orders
End
250 Light Carrier
Panzergrenadier Squad
Selects Armored Support Battlegroup
Panzergrenadier Squad
Construct Light Support Kompanie
Fire Support Elements
Selects Salvage Kits
Assault Grenadier Squad
Panzerjäger Squad
Assault Mechanized Group
Selects Panzer Storm
Assault Grenadier Squad
2.5-tonne Medical Truck
Pak 38 Anti-tank Gun Team
MG34 Team
le.IG 18 Mechanized Group
Selects Stuka Anti-tank Loiter
Stuka Anti-tank Loiter
2.5-tonne Medical Truck
Pak 38 Anti-tank Gun Team
Pak 38 Anti-tank Gun Team
Selects Superior Fire Drills
le.IG 18 Mechanized Group
xingxing ★
El Macho
MysteryRanch79
matrix4x4
Alex
Andrewstorm
ibuki
我就喜欢干拉
0
0
Comments
sign in to comment!
No comments posted yet!